 Dungeon Crawl Stone Soup version 0.32-a0-468-g38b2580584 (webtiles) character file.

Game seed: 57979774894329501

3 Goblin1989 the Sneak (level 1, -8/18 HPs)
             Began as a Demonspawn Delver on Feb 25, 2024.
             Was an Initiate of Hepliaklqana.
             Killed by divine providence
             ... invoked by an orc priest
              (13 damage)
             ... on level 3 of the Dungeon.
             The game lasted 00:04:40 (503 turns).

Goblin1989 the Sneak (Demonspawn Delver)             Turns: 503, Time: 00:04:41

Health: -8/18      AC:  3    Str: 12    XL:     1   Next: 41%
Magic:  1/1        EV: 11    Int: 10    God:    Hepliaklqana [......]
Gold:   66         SH:  4    Dex: 14    Spells: 0/0 levels left

rFire   . . .        k - +2 hand axe (elec)
rCold   . . .        i - +0 buckler
rNeg    . . .        h - +0 leather armour
rPois   .            (no helmet)
rElec   .            (no cloak)
rCorr   .            (no gloves)
SInv    .            (no boots)
Will    .....        (no amulet)
Stlth   +++          (no ring)
HPRegen 0.23/turn    (no ring)
MPRegen 0.07/turn

%: no passive effects
@: no status effects
A: no striking features
a: Renounce Religion


You were on level 3 of the Dungeon.
You worshipped Hepliaklqana.
Hepliaklqana was noncommittal.
You visited 2 branches of the dungeon, and saw 4 of its levels.

You collected 66 gold pieces.

Inventory:

Hand Weapons
 a - a +0 short sword
 b - a +0 sling
 k - a +2 hand axe of electrocution (weapon)
Missiles
 l - 7 stones (quivered)
Armour
 h - a +0 leather armour (worn)
 i - a +0 buckler (worn)
Talismans
 j - a storm talisman
Wands
 g - a wand of digging (2) {@v3}
Scrolls
 c - a scroll of fog
 e - a scroll of fear
Potions
 f - a potion of haste {@q3,}


   Skills:
 - Level 3.0 Fighting
 - Level 1.9 Short Blades
 * Level 0.0 Axes
 - Level 1.7 Dodging
 + Level 4.6 Stealth
 + Level 0.2 Shields


You couldn't memorise any spells.
You didn't know any spells.
Your spell library was empty.

Dungeon Overview and Level Annotations

Branches:
Dungeon (5/15) Zot: 17509  Temple (1/1) D:4 Zot: 5985

Altars:
Ashenzari
Dithmenos
Gozag
Hepliaklqana
Makhleb
Nemelex Xobeh
Okawaru
Qazlal
Ru
Sif Muna
Trog
Uskayaw
Vehumet
Yredelemnul

Annotations:
D:5 Pikel


Message History

There is a stone staircase leading up here.
An orc comes into view. It is wielding a +4 flail.
There is a stone staircase leading up here.
You open the door.
Found a staircase to the Ecumenical Temple.
There is an open door here.
There is a staircase to the Ecumenical Temple here.
You climb downwards.
Welcome to the Ecumenical Temple!
Found a bloodstained altar of Trog.
Found a staircase back to the Dungeon.
There is a staircase back to the Dungeon here.
Unknown command.
Found a hazy altar of Hepliaklqana and a hide-covered altar of Uskayaw.
There is a hazy altar of Hepliaklqana here.
You kneel at the altar of Hepliaklqana.
Hepliaklqana welcomes you!
Found a sparkling altar of Nemelex Xobeh.
There is a staircase back to the Dungeon here.
You climb upwards.
There is a staircase to the Ecumenical Temple here.
There is an open door here.
There is a stone staircase leading up here.
You climb upwards.
Found 26 gold pieces.
There is a stone staircase leading down here.
You climb downwards.
There is a stone staircase leading up here.
You climb upwards.
There is a stone staircase leading down here.
Found a whip and 8 gold pieces.
The giant cockroach waves its antennae.
The giant cockroach misses you.
You hit the giant cockroach.
The giant cockroach is almost dead.
The giant cockroach bites you but does no damage.
You hit the giant cockroach but do no damage.
The giant cockroach is almost dead.
The giant cockroach bites you but does no damage.
You barely miss the giant cockroach.
The giant cockroach is almost dead.
The giant cockroach completely misses you.
You closely miss the giant cockroach.
The giant cockroach is almost dead.
The giant cockroach bites you.
You take 1 damage, and have 17/18 hp.
You hit the giant cockroach but do no damage.
The giant cockroach is almost dead.
A bat comes into view.
The giant cockroach closely misses you.
The giant cockroach bites you but does no damage.
You hit the giant cockroach.
You kill the giant cockroach!
The bat closely misses you.
Health restored: 18 The bat closely misses you.
The bat barely misses you.
You hit the bat.
You kill the bat!
No target in view!
No target in view!
You now have 24 gold pieces (gained 17).
You now have 33 gold pieces (gained 9).
Found a runed hand axe.
You now have 41 gold pieces (gained 8).
You see here a +2 hand axe of electrocution.
k - a +2 hand axe of electrocution You hear the crackle of electricity.
k - a +2 hand axe of electrocution (weapon)
You open the door.
Found 14 gold pieces and 7 stones.
There is an open door here.
You now have 55 gold pieces (gained 14).
You see here 7 stones.
l - 7 stones
Found 11 gold pieces.
You now have 66 gold pieces (gained 11).
You open the door.
An orc priest and an orc wizard come into view.
There is an open door here.
The helpless orc wizard fails to defend itself.
You hit the orc wizard.
Lightning courses through the orc wizard!
The orc wizard is almost dead.
The orc wizard hits you with a +0 dagger.
You take 4 damage, and have 14/18 hp.
MASSIVE DAMAGE!!
You hit the orc wizard but do no damage.
The orc wizard is almost dead.
The orc wizard gestures at you while chanting.
The puff of flame hits you!
Ouch! That really hurt!
* * * LOW HITPOINT WARNING * * *
The orc priest shouts!
You take 10 damage, and have 4/18 hp.
MASSIVE DAMAGE!!
You slash the orc wizard!
You kill the orc wizard!
You hear a shout! x2
An orc comes into view. It is wielding a +0 war axe.
The orc priest invokes the aid of Beogh against you.
Beogh smites you!
Ouch! That really hurt!
You die...
Hepliaklqana delivers you to your ancestors. █ ... ██.█ █.█ █████ ...███.. .... ████

.......█████.. .....
.......▲..██.██████...
.......██.██.█...o...
.......██....▲.....█
.......∆...█.█..)o.█
.......██.██.███@█
.......██.█......█
.......██......███
████...........█
█.████......█
............█
██.█.██......█
█.█.███.....▲ █.█ █
██.████


You could see an orc priest and an orc.

Vanquished Creatures
  An orc wizard (D:3)
  A giant cockroach (D:3)
  A quokka (D:5)
  A bat (D:3)
4 creatures vanquished.

Notes
Turn   | Place    | Note
-------+----------+-------------------------------------------
     0 | D:5      | Goblin1989 the Demonspawn Delver began the quest for the
                  | Orb.
     0 | D:5      | Reached XP level 1. HP: 18/18 MP: 1/1
   242 | D:5      | Noticed a lemure
   243 | D:5      | Noticed a lemure
   244 | D:5      | Noticed Pikel
   244 | D:5      | Noticed a lemure
   244 | D:5      | Noticed a lemure
   328 | D:5      | Noticed a hound
   382 | D:4      | Found a staircase to the Ecumenical Temple.
   388 | Temple   | Entered the Ecumenical Temple
   395 | Temple   | Became a worshipper of Hepliaklqana the Forgotten
   499 | D:3      | Noticed an orc priest
   499 | D:3      | Noticed an orc wizard
   503 | D:3      | Killed an orc wizard
   503 | D:3      | Killed from afar by an orc priest

Illustrated notes

Levels and vault maps discovered:
D:3:      layout_basic, uniq_sigmund
D:4:      layout_basic, minmay_temple_entry_hall, grunt_decor_mini_mirrors
D:5:      layout_basic, mainiacjoe_overflow_six_doors_small,
          mainiacjoe_overflow_alcove_3, dk_noncrumbling_3, corexii_corridor_pit,
          supply_closet_lemuel, nicolae_kite_square_tiling_tiny, uniq_pikel
Temple:   eino_wide_crystal_templ

Action                     || total
---------------------------++-------
  Melee: Short sword       ||     8
         Hand axe          ||     3
  Evoke: Wand              ||     1
    Use: Scroll            ||     1
   Stab: Sleeping          ||     2
 Armour: Leather armour    ||     6
  Dodge: Dodged            ||     6

Table legend: (Time is in decaauts)
 A = Elapsed time spent in this place.
 B = Non-inter-level travel time spent in this place.
 C = Inter-level travel time spent in this place.
 D = Time resting spent in this place.
 E = Time spent auto-exploring this place.
 F = Levels seen in this place.
 G = Mean time per level.
                   A        B        C        D        E       F      G
               +--------+--------+--------+--------+--------+-----+--------+
         Total |    503 |    474 |     29 |      0 |      0 |   4 |  125.8 |
       Dungeon |    488 |    471 |     17 |      0 |      0 |   3 |  162.7 |
        Temple |     14 |      2 |     12 |      0 |      0 |   1 |   14.0 |
               +--------+--------+--------+--------+--------+-----+--------+

Top non-repeatable levels by time:
     D:5: 333 daAuts
     D:3: 84 daAuts
     D:4: 70 daAuts
  Temple: 14 daAuts
